Arizona Coyotes vs Tampa Bay Lightning
Created - Thursday, February 19, 2026 at 09:26
Goals
|
| Arizona Coyotes |
1 |
0 |
3 |
4 |
| Tampa Bay Lightning |
1 |
4 |
1 |
6 |
|
Shots
|
| Arizona Coyotes |
12 |
4 |
21 |
37 |
| Tampa Bay Lightning |
11 |
16 |
13 |
40 |
|
1st period
1. Arizona Coyotes , Mats Zuccarello 5 (Tyler Bertuzzi 14, Brayden McNabb 6) at 11:05 (PP)
2. Tampa Bay Lightning , Anze Kopitar 11 (Travis Konecny 14, Jonathan Huberdeau 12) at 18:06
Penalties :
Filip Forsberg (TBL) for Roughing (Double Minor) at 10:30, Johnathan Kovacevic (AZC) for Holding (Minor) at 14:53
2nd period
3. Tampa Bay Lightning , Justin Brazeau 5 (Moritz Seider 11, Trevor Moore 5) at 2:00
4. Tampa Bay Lightning , Roope Hintz 15 (Darnell Nurse 13) at 7:13
5. Tampa Bay Lightning , Travis Konecny 12 (Roope Hintz 18, Michael Matheson 12) at 15:05 (PP)
6. Tampa Bay Lightning , Justin Brazeau 6 (Trevor Moore 6, Hampus Lindholm 2) at 18:49
Penalties :
Charlie Coyle (AZC) for Holding (Minor) at 8:39, Radko Gudas (AZC) for Interference (Minor) at 12:57, Brayden McNabb (AZC) for Roughing (Minor) at 14:26, Johnathan Kovacevic (AZC) for Interference (Minor) at 15:59
3rd period
7. Arizona Coyotes , Ondrej Palat 5 (Erik Haula 11, Ross Colton 10) at 1:16
8. Tampa Bay Lightning , Claude Giroux 10 (Moritz Seider 12, Michael Matheson 13) at 3:47 (PP)
9. Arizona Coyotes , Mason McTavish 12 (Jared Spurgeon 6, Mats Zuccarello 19) at 4:58
10. Arizona Coyotes , Tyler Bertuzzi 13 (Mason McTavish 16, Mats Zuccarello 20) at 11:02
Penalties :
Anders Lee (AZC) for Cross-checking (Minor) at 3:31, Anthony DeAngelo (AZC) for Tripping (Minor) at 8:19, Charlie Coyle (AZC) for Tripping (Minor) at 18:57
Goalie Stats
Elvis Merzlikins (AZC), 9 saves from 12 shots - (0.750), L, 7-10-0, 16:34 minutes
Tristan Jarry (AZC), 25 saves from 28 shots - (0.893), 43:26 minutes
Jeremy Swayman (TBL), 33 saves from 37 shots - (0.892), W, 2-2-1, 60:00 minutes
Players Stats for Arizona Coyotes
Player Name G A P +/- PIM S H SB GA TA FO MP PP MP PK MP
------------------------------------------------------------------------------------
Aliaksei Protas 0 0 0 -1 0 2 1 0 1 0 0/0 9:46 0:00 0:04
Anders Lee 0 0 0 -2 2 2 1 0 1 0 0/3 22:19 1:22 4:55
Anthony DeAngelo 0 0 0 0 2 0 0 0 0 0 0/0 11:10 0:00 0:09
Brayden McNabb 0 1 1 -1 2 5 1 0 0 0 0/0 22:39 1:36 5:03
Charlie Coyle 0 0 0 -2 4 3 0 0 0 0 12/28 21:22 1:22 3:56
Erik Haula 0 1 1 0 0 0 0 0 0 1 2/3 12:21 0:00 5:03
Jared Spurgeon 0 1 1 -1 0 2 1 0 0 0 0/0 22:46 1:36 5:06
Johnathan Kovacevic 0 0 0 0 4 0 1 1 0 0 0/0 23:48 0:58 3:47
Kiefer Sherwood 0 0 0 -2 0 3 1 0 0 1 4/8 21:59 1:22 4:30
Mason McTavish 1 1 2 2 0 3 1 0 0 1 5/9 15:33 1:12 1:20
Mats Zuccarello 1 2 3 2 0 3 2 0 1 0 1/2 14:02 1:12 0:03
Nick Seeler 0 0 0 0 0 2 1 0 0 1 0/0 14:48 0:00 3:41
Ondrej Palat 1 0 1 0 0 2 0 0 0 0 0/0 7:14 0:00 0:00
Radko Gudas 0 0 0 0 2 1 0 2 0 2 0/0 25:04 0:58 5:06
Ross Colton 0 1 1 0 0 1 0 0 0 0 0/1 7:14 0:00 0:00
Ryan Donato 0 0 0 -1 0 3 1 0 0 0 3/7 10:35 0:00 0:46
Tyler Bertuzzi 1 1 2 2 0 3 2 0 0 0 1/2 13:56 1:12 0:00
Vladimir Tarasenko 0 0 0 -1 0 2 1 1 0 0 0/2 11:24 0:00 1:28
Players Stats for Tampa Bay Lightning
Player Name G A P +/- PIM S H SB GA TA FO MP PP MP PK MP
------------------------------------------------------------------------------------
Anze Kopitar 1 0 1 0 0 4 0 0 1 0 16/22 19:37 5:41 1:16
Ben Chiarot 0 0 0 0 0 1 4 1 0 2 0/0 24:13 5:37 1:29
Claude Giroux 1 0 1 0 0 4 0 0 2 0 1/1 19:32 5:36 1:15
Darnell Nurse 0 1 1 1 0 0 0 2 0 0 0/0 24:03 5:12 1:29
Dylan Cozens 0 0 0 0 0 0 1 0 1 0 1/1 13:12 0:12 0:00
Filip Forsberg 0 0 0 0 4 2 0 0 0 0 0/3 18:23 5:01 0:00
Hampus Lindholm 0 1 1 0 0 1 0 0 0 0 0/0 12:05 0:46 1:05
Jamie Benn 0 0 0 0 0 0 0 0 0 0 10/18 13:55 0:00 1:15
Jason Dickinson 0 0 0 1 0 0 2 0 0 0 2/2 7:53 0:00 0:04
Jonathan Huberdeau 0 1 1 0 0 2 2 0 1 0 0/0 18:17 5:43 0:00
Justin Brazeau 2 0 2 1 0 6 0 1 0 0 0/2 8:38 0:46 0:00
Kirill Kaprizov 0 0 0 0 0 3 2 0 0 0 1/2 13:03 0:18 0:03
Michael Matheson 0 2 2 1 0 2 3 1 0 0 0/0 24:39 5:24 0:00
Moritz Seider 0 2 2 0 0 2 4 2 0 0 0/0 25:18 5:45 1:05
Roope Hintz 1 1 2 0 0 5 1 0 1 0 6/12 17:58 5:06 0:00
Travis Konecny 1 1 2 0 0 6 3 1 0 0 0/2 18:17 5:43 0:00
Trevor Moore 0 2 2 1 0 2 0 0 0 0 0/0 8:40 0:00 1:15
Vincent Desharnais 0 0 0 0 0 0 2 1 0 1 0/0 9:42 0:00 0:00
3 Stars
1 - Mats Zuccarello (AZC)
2 - Justin Brazeau (TBL)
3 - Travis Konecny (TBL)
Power Play
Arizona Coyotes - 1 on 2 Attempt(s) - 50.00%
Tampa Bay Lightning - 2 on 8 Attempt(s) - 25.00%
Penalty Kill
Arizona Coyotes - 6 on 8 Attempt(s) - 75.00%
- Score 0 goal in Penalty Kill
Tampa Bay Lightning - 1 on 2 Attempt(s) - 50.00%
- Score 0 goal in Penalty Kill
Team Stat
Arizona Coyotes - Hits : 14 - Faceoff Wins : 28 - Blocked Shots : 4 - Penalty Minutes : 16
Tampa Bay Lightning - Hits : 24 - Faceoff Wins : 37 - Blocked Shots : 9 - Penalty Minutes : 4
Official
Referees : Chris Rooney and Marc Joannette
Linesman : David Brisebois and Ben O'Quinn
Game Notes
Elvis Merzlikins enters game at 7:13 of 2nd period
Tristan Jarry enters game at 3:47 of 3rd period
Finance
Level 1 -- Attendance: 6000 (100.00%) -- Ticket Income $570,000
Level 2 -- Attendance: 5000 (100.00%) -- Ticket Income $275,000
Level 3 -- Attendance: 3000 (100.00%) -- Ticket Income $96,000
Level 4 -- Attendance: 5000 (100.00%) -- Ticket Income $110,000
Luxury Box -- Attendance: 784 (78.40%) -- Ticket Income $151,312
Game was played at the Tampa Bay Times Forum.
Total Attendance: 19784 (98.92%)
Total Ticket Income: $1,202,312
Other Income: $420,809
Total Income: $1,623,121
Arizona Coyotes
5 vs 5 Forward
Center Left Wing Right Wing Time % Phy DF OF
1 Charlie Coyle Anders Lee Kiefer Sherwood 35 1 2 2
2 Mason McTavish Mats Zuccarello Tyler Bertuzzi 30 0 2 3
3 Ryan Donato Aliaksei Protas Vladimir Tarasenko 20 0 2 3
4 Erik Haula Ross Colton Ondrej Palat 15 1 2 2
5 vs 5 Defense
Defense Defense Time % Phy DF OF
1 Radko Gudas Johnathan Kovacevic 40 0 3 2
2 Brayden McNabb Jared Spurgeon 35 0 2 3
3 Anthony DeAngelo Nick Seeler 25 1 3 1
4 Radko Gudas Johnathan Kovacevic 0 1 2 2
PowerPlay Forward
Center Left Wing Right Wing Time % Phy DF OF
1 Charlie Coyle Anders Lee Kiefer Sherwood 55 1 1 3
2 Mason McTavish Mats Zuccarello Tyler Bertuzzi 45 1 1 3
PowerPlay Defense
Defense Defense Time % Phy DF OF
1 Radko Gudas Johnathan Kovacevic 55 1 2 2
2 Brayden McNabb Jared Spurgeon 45 1 2 2
Penalty Kill 4 Players Forward
Center Wing Time % Phy DF OF
1 Anders Lee Charlie Coyle 50 1 3 1
2 Kiefer Sherwood Erik Haula 50 1 3 1
Penalty Kill 4 Players Defense
Defense Defense Time % Phy DF OF
1 Radko Gudas Johnathan Kovacevic 50 1 3 1
2 Brayden McNabb Jared Spurgeon 50 1 3 1
Penalty Kill - 3 Players Forward
Forward Time % Phy DF OF
1 Anders Lee 50 1 2 2
2 Charlie Coyle 50 1 2 2
Penalty Kill - 3 Players Defense
Defense Defense Time % Phy DF OF
1 Radko Gudas Johnathan Kovacevic 50 1 2 2
2 Brayden McNabb Jared Spurgeon 50 1 2 2
4 vs 4 Forward
Center Wing Time % Phy DF OF
1 Anders Lee Charlie Coyle 50 1 2 2
2 Kiefer Sherwood Aliaksei Protas 50 1 2 2
4 vs 4 Defense
Defense Defense Time % Phy DF OF
1 Radko Gudas Johnathan Kovacevic 50 1 2 2
2 Brayden McNabb Jared Spurgeon 50 1 2 2
Last Minutes Offensive
Center Left Wing Right Wing Defense Defense
Charlie Coyle Anders Lee Kiefer Sherwood Radko Gudas Johnathan Kovacevic
Last Minutes Defensive
Center Left Wing Right Wing Defense Defense
Charlie Coyle Anders Lee Kiefer Sherwood Radko Gudas Johnathan Kovacevic
Goaltenders
Starting : Tristan Jarry
Backup : Elvis Merzlikins
Extra Forwards
Normal : Mason McTavish, Ryan Donato, Vladimir Tarasenko - PP : Mason McTavish, Ryan Donato - PK : Vladimir Tarasenko
Extra Defensemen
Normal : Anthony DeAngelo, Nick Seeler, Brayden McNabb - PP : Anthony DeAngelo - PK : Nick Seeler, Brayden McNabb
Penalty Shots
Anders Lee, Charlie Coyle, Kiefer Sherwood, Aliaksei Protas, Mats Zuccarello
Scratches
Jeff Petry (Healthy), Corson Ceulemans (Healthy), Ryan Mast (Healthy), Carter Hart (Healthy)
Tampa Bay Lightning
5 vs 5 Forward
Center Left Wing Right Wing Time % Phy DF OF
1 Roope Hintz Filip Forsberg Dylan Cozens 30 1 2 2
2 Anze Kopitar Jonathan Huberdeau Travis Konecny 30 1 2 2
3 Jamie Benn Kirill Kaprizov Claude Giroux 30 1 2 2
4 Jason Dickinson Trevor Moore Justin Brazeau 10 1 2 2
5 vs 5 Defense
Defense Defense Time % Phy DF OF
1 Michael Matheson Darnell Nurse 40 1 2 2
2 Moritz Seider Ben Chiarot 40 1 2 2
3 Hampus Lindholm Vincent Desharnais 20 1 2 2
4 Moritz Seider Michael Matheson 0 1 2 2
PowerPlay Forward
Center Left Wing Right Wing Time % Phy DF OF
1 Roope Hintz Jonathan Huberdeau Travis Konecny 50 1 2 2
2 Anze Kopitar Filip Forsberg Claude Giroux 50 1 2 2
PowerPlay Defense
Defense Defense Time % Phy DF OF
1 Moritz Seider Michael Matheson 50 1 2 2
2 Darnell Nurse Ben Chiarot 50 1 2 2
Penalty Kill 4 Players Forward
Center Wing Time % Phy DF OF
1 Anze Kopitar Jamie Benn 50 1 2 2
2 Claude Giroux Trevor Moore 50 1 2 2
Penalty Kill 4 Players Defense
Defense Defense Time % Phy DF OF
1 Moritz Seider Hampus Lindholm 50 1 2 2
2 Darnell Nurse Ben Chiarot 50 1 2 2
Penalty Kill - 3 Players Forward
Forward Time % Phy DF OF
1 Claude Giroux 50 1 2 2
2 Jason Dickinson 50 1 2 2
Penalty Kill - 3 Players Defense
Defense Defense Time % Phy DF OF
1 Moritz Seider Hampus Lindholm 50 1 2 2
2 Darnell Nurse Ben Chiarot 50 1 2 2
4 vs 4 Forward
Center Wing Time % Phy DF OF
1 Anze Kopitar Claude Giroux 50 1 2 2
2 Roope Hintz Filip Forsberg 50 1 2 2
4 vs 4 Defense
Defense Defense Time % Phy DF OF
1 Moritz Seider Michael Matheson 50 1 2 2
2 Darnell Nurse Ben Chiarot 50 1 2 2
Last Minutes Offensive
Center Left Wing Right Wing Defense Defense
Roope Hintz Filip Forsberg Claude Giroux Moritz Seider Michael Matheson
Last Minutes Defensive
Center Left Wing Right Wing Defense Defense
Claude Giroux Trevor Moore Jason Dickinson Moritz Seider Michael Matheson
Goaltenders
Starting : Jeremy Swayman
Backup : Darcy Kuemper
Extra Forwards
Normal : Justin Brazeau, Claude Giroux, Jonathan Huberdeau - PP : Justin Brazeau, Dylan Cozens - PK : Jason Dickinson
Extra Defensemen
Normal : Darnell Nurse, Moritz Seider, Hampus Lindholm - PP : Hampus Lindholm - PK : Vincent Desharnais, Hampus Lindholm
Penalty Shots
Trevor Moore, Anze Kopitar, Filip Forsberg, Jamie Benn, Jonathan Huberdeau
Scratches
None
% Time on Ice - Arizona Coyotes
Lines # - Real PCT - Wanted PCT - Time Play
Normal Forward
1 - 35% - 35% - 16:19
2 - 28% - 30% - 12:52
3 - 21% - 20% - 9:39
4 - 16% - 15% - 7:14
Normal Defense
1 - 41% - 40% - 19:04
2 - 35% - 35% - 16:04
3 - 24% - 25% - 10:56
4 - 0% - 0% - 0:00
PP Forward
1 - 53% - 55% - 1:22
2 - 47% - 45% - 1:12
PP Defense
1 - 38% - 55% - 0:58
2 - 62% - 45% - 1:36
PK Forward
1 - 52% - 50% - 5:41
2 - 48% - 50% - 5:11
PK Defense
1 - 53% - 50% - 5:46
2 - 47% - 50% - 5:06
PK3 Forward
1 - 40% - 50% - 0:12
2 - 60% - 50% - 0:18
PK3 Defense
1 - 100% - 50% - 0:30
2 - 0% - 50% - 0:00
44 Forward
1 - 0% - 50%
2 - 0% - 50%
44 Defense
1 - 0% - 50%
2 - 0% - 50%
Last Minute Offensive - 0:00
Last Minute Defensive - 0:00
Total
Forward - 60:00
Defense - 60:00
|
% Time on Ice - Tampa Bay Lightning
Lines # - Real PCT - Wanted PCT - Time Play
Normal Forward
1 - 29% - 30% - 13:16
2 - 28% - 30% - 12:43
3 - 27% - 30% - 12:40
4 - 16% - 10% - 7:25
Normal Defense
1 - 38% - 40% - 17:18
2 - 37% - 40% - 17:07
3 - 21% - 20% - 9:42
4 - 4% - 0% - 1:57
PP Forward
1 - 51% - 50% - 5:46
2 - 49% - 50% - 5:36
PP Defense
1 - 51% - 50% - 5:45
2 - 49% - 50% - 5:37
PK Forward
1 - 51% - 50% - 1:19
2 - 49% - 50% - 1:15
PK Defense
1 - 42% - 50% - 1:05
2 - 58% - 50% - 1:29
PK3 Forward
1 - 0% - 50%
2 - 0% - 50%
PK3 Defense
1 - 0% - 50%
2 - 0% - 50%
44 Forward
1 - 0% - 50%
2 - 0% - 50%
44 Defense
1 - 0% - 50%
2 - 0% - 50%
Last Minute Offensive - 0:00
Last Minute Defensive - 0:00
Total
Forward - 60:00
Defense - 60:00
|
Play-by-Play
1st period
0:01 of 1st period - Roope Hintz wins face-off versus Charlie Coyle in neutral zone.
0:15 of 1st period - Snap shot by Anders Lee.
0:15 of 1st period - Stopped by Jeremy Swayman with a rebound.
0:31 of 1st period - Snap shot by Aliaksei Protas.
0:31 of 1st period - Shot Blocked by Michael Matheson.
0:33 of 1st period - Snap shot by Ryan Donato.
0:33 of 1st period - Stopped by Jeremy Swayman with a rebound.
0:35 of 1st period - Slapshot by Brayden McNabb.
0:35 of 1st period - Stopped by Jeremy Swayman with a rebound.
0:37 of 1st period - Slapshot by Brayden McNabb.
0:37 of 1st period - Stopped by Jeremy Swayman without a rebound.
0:38 of 1st period - Anze Kopitar wins face-off versus Mats Zuccarello in Tampa Bay Lightning zone.
0:51 of 1st period - Snap shot by Jonathan Huberdeau.
0:51 of 1st period - Stopped by Tristan Jarry with a rebound.
0:53 of 1st period - Wrist shot by Jonathan Huberdeau.
0:53 of 1st period - Deflect By Anze Kopitar.
0:53 of 1st period - Shot Misses the Net.
0:53 of 1st period - Puck is out of play.
0:54 of 1st period - Jamie Benn wins face-off versus Ross Colton in Arizona Coyotes zone.
0:55 of 1st period - Snap shot by Kirill Kaprizov.
0:55 of 1st period - Stopped by Tristan Jarry without a rebound.
0:56 of 1st period - Kirill Kaprizov wins face-off versus Erik Haula in Arizona Coyotes zone.
1:11 of 1st period - Backhand shot by Kirill Kaprizov.
1:11 of 1st period - Shot Misses the Net.
1:25 of 1st period - Anders Lee is hit by Jason Dickinson and loses puck.
3:28 of 1st period - Mats Zuccarello is hit by Ben Chiarot.
3:34 of 1st period - Snap shot by Trevor Moore.
3:34 of 1st period - Stopped by Tristan Jarry without a rebound.
3:35 of 1st period - Jamie Benn wins face-off versus Charlie Coyle in Arizona Coyotes zone.
3:36 of 1st period - Slapshot by Kirill Kaprizov.
3:36 of 1st period - Shot Misses the Net.
3:38 of 1st period - Snap shot by Claude Giroux.
3:38 of 1st period - Deflect By Kirill Kaprizov.
3:38 of 1st period - Shot Misses the Net.
3:38 of 1st period - Puck is out of play.
3:39 of 1st period - Charlie Coyle wins face-off versus Jamie Benn in Arizona Coyotes zone.
5:13 of 1st period - Snap shot by Kirill Kaprizov.
5:13 of 1st period - Deflect By Claude Giroux.
5:13 of 1st period - Stopped by Tristan Jarry with a rebound.
5:27 of 1st period - Charlie Coyle is hit by Moritz Seider and loses puck.
5:38 of 1st period - Wrist shot by Jonathan Huberdeau.
5:38 of 1st period - Stopped by Tristan Jarry with a rebound.
5:52 of 1st period - Mats Zuccarello is hit by Vincent Desharnais and loses puck.
6:09 of 1st period - Snap shot by Aliaksei Protas.
6:09 of 1st period - Stopped by Jeremy Swayman with a rebound.
6:11 of 1st period - Slapshot by Brayden McNabb.
6:11 of 1st period - Shot Blocked by Ben Chiarot.
6:13 of 1st period - Slapshot by Aliaksei Protas.
6:13 of 1st period - Stopped by Jeremy Swayman without a rebound.
6:14 of 1st period - Jamie Benn wins face-off versus Mason McTavish in Tampa Bay Lightning zone.
6:19 of 1st period - Tyler Bertuzzi is hit by Vincent Desharnais and loses puck.
6:41 of 1st period - Jonathan Huberdeau is hit by Ryan Donato and loses puck.
6:48 of 1st period - Wrist shot by Ryan Donato.
6:48 of 1st period - Stopped by Jeremy Swayman with a rebound.
6:50 of 1st period - Slapshot by Aliaksei Protas.
6:50 of 1st period - Shot Misses the Net.
7:24 of 1st period - Radko Gudas is hit by Moritz Seider and loses puck.
7:51 of 1st period - Wrist shot by Tyler Bertuzzi.
7:51 of 1st period - Stopped by Jeremy Swayman with a rebound.
8:37 of 1st period - Icing by Kiefer Sherwood.
8:38 of 1st period - Charlie Coyle wins face-off versus Jamie Benn in Arizona Coyotes zone.
8:43 of 1st period - Snap shot by Anders Lee.
8:43 of 1st period - Stopped by Jeremy Swayman without a rebound.
8:44 of 1st period - Mats Zuccarello wins face-off versus Jamie Benn in Tampa Bay Lightning zone.
9:36 of 1st period - Snap shot by Travis Konecny.
9:36 of 1st period - Stopped by Tristan Jarry with a rebound.
9:38 of 1st period - Slapshot by Hampus Lindholm.
9:38 of 1st period - Shot Blocked by Radko Gudas.
10:02 of 1st period - Wrist shot by Aliaksei Protas.
10:02 of 1st period - Shot Misses the Net.
10:30 of 1st period - Double Minor Penalty to Filip Forsberg for Roughing.
10:31 of 1st period - Anze Kopitar wins face-off versus Charlie Coyle in Tampa Bay Lightning zone.
11:05 of 1st period - Slapshot by Mats Zuccarello.
11:05 of 1st period - Goal by Mats Zuccarello - Arizona Coyotes : 1 - Tampa Bay Lightning : 0.
11:06 of 1st period - Charlie Coyle wins face-off versus Anze Kopitar in neutral zone.
11:31 of 1st period - Mason McTavish is hit by Moritz Seider and loses puck.
13:05 of 1st period - Penalty to Filip Forsberg is over, Filip Forsberg is back on ice.
13:34 of 1st period - Snap shot by Filip Forsberg.
13:34 of 1st period - Stopped by Tristan Jarry with a rebound.
13:36 of 1st period - Snap shot by Ben Chiarot.
13:36 of 1st period - Stopped by Tristan Jarry with a rebound.
13:38 of 1st period - Slapshot by Filip Forsberg.
13:38 of 1st period - Stopped by Tristan Jarry with a rebound.
13:51 of 1st period - Icing by Aliaksei Protas.
13:52 of 1st period - Ryan Donato wins face-off versus Justin Brazeau in Arizona Coyotes zone.
14:30 of 1st period - Wrist shot by Tyler Bertuzzi.
14:30 of 1st period - Stopped by Jeremy Swayman with a rebound.
14:53 of 1st period - Minor Penalty to Johnathan Kovacevic for Holding.
14:54 of 1st period - Roope Hintz wins face-off versus Anders Lee in Arizona Coyotes zone.
16:01 of 1st period - Radko Gudas is hit by Ben Chiarot and loses puck.
16:50 of 1st period - Snap shot by Vladimir Tarasenko.
16:50 of 1st period - Shot Misses the Net.
16:53 of 1st period - Penalty to Johnathan Kovacevic is over, Johnathan Kovacevic is back on ice.
17:23 of 1st period - Icing by Jamie Benn.
17:24 of 1st period - Ryan Donato wins face-off versus Jamie Benn in Tampa Bay Lightning zone.
17:56 of 1st period - Off-side.
17:57 of 1st period - Anze Kopitar wins face-off versus Charlie Coyle in neutral zone.
18:04 of 1st period - Wrist shot by Anze Kopitar.
18:04 of 1st period - Stopped by Tristan Jarry with a rebound.
18:06 of 1st period - Snap shot by Anze Kopitar.
18:06 of 1st period - Goal by Anze Kopitar - Arizona Coyotes : 1 - Tampa Bay Lightning : 1.
18:07 of 1st period - Anze Kopitar wins face-off versus Charlie Coyle in neutral zone.
18:38 of 1st period - Roope Hintz is hit by Anders Lee and loses puck.
19:19 of 1st period - Ryan Donato is hit by Jason Dickinson and loses puck.
19:42 of 1st period - Snap shot by Ross Colton.
19:42 of 1st period - Stopped by Jeremy Swayman without a rebound.
19:43 of 1st period - Erik Haula wins face-off versus Anze Kopitar in Tampa Bay Lightning zone.
Goals for this period are 1 for Arizona Coyotes vs 1 for Tampa Bay Lightning.
Shots for this period are 12 for Arizona Coyotes vs 11 for Tampa Bay Lightning.
2nd period
0:01 of 2nd period - Anze Kopitar wins face-off versus Charlie Coyle in neutral zone.
0:04 of 2nd period - Wrist shot by Travis Konecny.
0:04 of 2nd period - Stopped by Tristan Jarry with a rebound.
0:38 of 2nd period - Off-side.
0:39 of 2nd period - Charlie Coyle wins face-off versus Roope Hintz in neutral zone.
1:04 of 2nd period - Travis Konecny is hit by Tyler Bertuzzi.
1:27 of 2nd period - Mason McTavish is hit by Kirill Kaprizov and loses puck.
1:44 of 2nd period - Icing by Radko Gudas.
1:45 of 2nd period - Jason Dickinson wins face-off versus Ryan Donato in Arizona Coyotes zone.
1:58 of 2nd period - Wrist shot by Justin Brazeau.
1:58 of 2nd period - Stopped by Tristan Jarry with a rebound.
2:00 of 2nd period - Slapshot by Moritz Seider.
2:00 of 2nd period - Deflect By Justin Brazeau.
2:00 of 2nd period - Goal by Justin Brazeau - Arizona Coyotes : 1 - Tampa Bay Lightning : 2.
2:01 of 2nd period - Charlie Coyle wins face-off versus Anze Kopitar in neutral zone.
2:28 of 2nd period - Mats Zuccarello is hit by Dylan Cozens and loses puck.
3:44 of 2nd period - Wrist shot by Justin Brazeau.
3:44 of 2nd period - Stopped by Tristan Jarry with a rebound.
3:46 of 2nd period - Slapshot by Moritz Seider.
3:46 of 2nd period - Stopped by Tristan Jarry without a rebound.
3:47 of 2nd period - Charlie Coyle wins face-off versus Jamie Benn in Arizona Coyotes zone.
4:19 of 2nd period - Anze Kopitar is hit by Nick Seeler and loses puck.
4:55 of 2nd period - Erik Haula is hit by Michael Matheson and loses puck.
5:59 of 2nd period - Snap shot by Justin Brazeau.
5:59 of 2nd period - Stopped by Tristan Jarry without a rebound.
6:00 of 2nd period - Anze Kopitar wins face-off versus Charlie Coyle in Arizona Coyotes zone.
6:31 of 2nd period - Wrist shot by Kirill Kaprizov.
6:31 of 2nd period - Stopped by Tristan Jarry without a rebound.
6:32 of 2nd period - Mason McTavish wins face-off versus Jamie Benn in Arizona Coyotes zone.
7:00 of 2nd period - Snap shot by Moritz Seider.
7:00 of 2nd period - Deflect By Roope Hintz.
7:00 of 2nd period - Shot Blocked by Johnathan Kovacevic.
7:00 of 2nd period - Puck is out of play.
7:01 of 2nd period - Charlie Coyle wins face-off versus Roope Hintz in Arizona Coyotes zone.
7:03 of 2nd period - Icing by Anders Lee.
7:04 of 2nd period - Charlie Coyle wins face-off versus Filip Forsberg in Arizona Coyotes zone.
7:13 of 2nd period - Wrist shot by Roope Hintz.
7:13 of 2nd period - Goal by Roope Hintz - Arizona Coyotes : 1 - Tampa Bay Lightning : 3.
7:13 of 2nd period - Elvis Merzlikins enters game.
7:14 of 2nd period - Roope Hintz wins face-off versus Charlie Coyle in neutral zone.
7:16 of 2nd period - Off-side.
7:17 of 2nd period - Roope Hintz wins face-off versus Charlie Coyle in neutral zone.
7:48 of 2nd period - Slapshot by Charlie Coyle.
7:48 of 2nd period - Stopped by Jeremy Swayman with a rebound.
7:50 of 2nd period - Wrist shot by Charlie Coyle.
7:50 of 2nd period - Stopped by Jeremy Swayman with a rebound.
7:52 of 2nd period - Wrist shot by Kiefer Sherwood.
7:52 of 2nd period - Shot Misses the Net.
7:54 of 2nd period - Snap shot by Kiefer Sherwood.
7:54 of 2nd period - Shot Misses the Net.
8:00 of 2nd period - Snap shot by Kiefer Sherwood.
8:00 of 2nd period - Stopped by Jeremy Swayman with a rebound.
8:39 of 2nd period - Minor Penalty to Charlie Coyle for Holding.
8:40 of 2nd period - Anze Kopitar wins face-off versus Vladimir Tarasenko in Arizona Coyotes zone.
8:49 of 2nd period - Snap shot by Anze Kopitar.
8:49 of 2nd period - Shot Misses the Net.
9:08 of 2nd period - Snap shot by Travis Konecny.
9:08 of 2nd period - Shot Misses the Net.
9:10 of 2nd period - Slapshot by Ben Chiarot.
9:10 of 2nd period - Shot Misses the Net.
9:28 of 2nd period - Johnathan Kovacevic is hit by Travis Konecny and loses puck.
10:39 of 2nd period - Penalty to Charlie Coyle is over, Charlie Coyle is back on ice.
11:09 of 2nd period - Ben Chiarot is hit by Aliaksei Protas and loses puck.
12:13 of 2nd period - Off-side.
12:14 of 2nd period - Anze Kopitar wins face-off versus Ryan Donato in neutral zone.
12:17 of 2nd period - Aliaksei Protas is hit by Jonathan Huberdeau.
12:46 of 2nd period - Jamie Benn is hit by Mason McTavish and loses puck.
12:57 of 2nd period - Minor Penalty to Radko Gudas for Interference.
12:58 of 2nd period - Kiefer Sherwood wins face-off versus Roope Hintz in Arizona Coyotes zone.
13:11 of 2nd period - Snap shot by Roope Hintz.
13:11 of 2nd period - Stopped by Elvis Merzlikins with a rebound.
13:25 of 2nd period - Snap shot by Kiefer Sherwood.
13:25 of 2nd period - Shot Misses the Net.
13:27 of 2nd period - Slapshot by Erik Haula.
13:27 of 2nd period - Shot Blocked by Darnell Nurse.
13:51 of 2nd period - Backhand shot by Claude Giroux.
13:51 of 2nd period - Stopped by Elvis Merzlikins without a rebound.
13:52 of 2nd period - Anze Kopitar wins face-off versus Anders Lee in Arizona Coyotes zone.
14:26 of 2nd period - Minor Penalty to Brayden McNabb for Roughing.
14:27 of 2nd period - Roope Hintz wins face-off versus Charlie Coyle in Arizona Coyotes zone.
14:31 of 2nd period - Slapshot by Roope Hintz.
14:31 of 2nd period - Stopped by Elvis Merzlikins with a rebound.
14:57 of 2nd period - Penalty to Radko Gudas is over, Radko Gudas is back on ice.
15:05 of 2nd period - Wrist shot by Travis Konecny.
15:05 of 2nd period - Goal by Travis Konecny - Arizona Coyotes : 1 - Tampa Bay Lightning : 4.
15:06 of 2nd period - Jamie Benn wins face-off versus Charlie Coyle in neutral zone.
15:22 of 2nd period - Anders Lee is hit by Moritz Seider and loses puck.
15:33 of 2nd period - Mason McTavish is hit by Travis Konecny and loses puck.
15:40 of 2nd period - Wrist shot by Jonathan Huberdeau.
15:40 of 2nd period - Shot Hit the Post.
15:42 of 2nd period - Slapshot by Jonathan Huberdeau.
15:42 of 2nd period - Shot Misses the Net.
15:44 of 2nd period - Snap shot by Travis Konecny.
15:44 of 2nd period - Shot Misses the Net.
15:56 of 2nd period - Snap shot by Roope Hintz.
15:56 of 2nd period - Stopped by Elvis Merzlikins without a rebound.
15:57 of 2nd period - Ryan Donato wins face-off versus Filip Forsberg in Arizona Coyotes zone.
15:59 of 2nd period - Minor Penalty to Johnathan Kovacevic for Interference.
16:00 of 2nd period - Claude Giroux wins face-off versus Kiefer Sherwood in Arizona Coyotes zone.
16:14 of 2nd period - Slapshot by Michael Matheson.
16:14 of 2nd period - Deflect By Radko Gudas.
16:14 of 2nd period - Stopped by Elvis Merzlikins without a rebound.
16:15 of 2nd period - Kiefer Sherwood wins face-off versus Roope Hintz in Arizona Coyotes zone.
16:26 of 2nd period - Off-side.
16:27 of 2nd period - Anze Kopitar wins face-off versus Kiefer Sherwood in neutral zone.
17:59 of 2nd period - Penalty to Johnathan Kovacevic is over, Johnathan Kovacevic is back on ice.
18:33 of 2nd period - Wrist shot by Vladimir Tarasenko.
18:33 of 2nd period - Shot Misses the Net.
18:47 of 2nd period - Snap shot by Justin Brazeau.
18:47 of 2nd period - Shot Misses the Net.
18:49 of 2nd period - Slapshot by Trevor Moore.
18:49 of 2nd period - Deflect By Justin Brazeau.
18:49 of 2nd period - Goal by Justin Brazeau - Arizona Coyotes : 1 - Tampa Bay Lightning : 5.
18:50 of 2nd period - Anze Kopitar wins face-off versus Anders Lee in neutral zone.
19:38 of 2nd period - Snap shot by Roope Hintz.
19:38 of 2nd period - Stopped by Elvis Merzlikins with a rebound.
19:40 of 2nd period - Slapshot by Roope Hintz.
19:40 of 2nd period - Shot Misses the Net.
19:42 of 2nd period - Snap shot by Darnell Nurse.
19:42 of 2nd period - Shot Blocked by Radko Gudas.
19:49 of 2nd period - Icing by Darnell Nurse.
19:50 of 2nd period - Charlie Coyle wins face-off versus Roope Hintz in Tampa Bay Lightning zone.
19:53 of 2nd period - Snap shot by Anders Lee.
19:53 of 2nd period - Shot Hit the Post.
19:55 of 2nd period - Snap shot by Charlie Coyle.
19:55 of 2nd period - Stopped by Jeremy Swayman without a rebound.
19:56 of 2nd period - Anze Kopitar wins face-off versus Charlie Coyle in Tampa Bay Lightning zone.
Goals for this period are 0 for Arizona Coyotes vs 4 for Tampa Bay Lightning.
Shots for this period are 4 for Arizona Coyotes vs 16 for Tampa Bay Lightning.
3rd period
0:01 of 3rd period - Charlie Coyle wins face-off versus Anze Kopitar in neutral zone.
0:07 of 3rd period - Off-side.
0:08 of 3rd period - Anze Kopitar wins face-off versus Charlie Coyle in neutral zone.
0:21 of 3rd period - Wrist shot by Anders Lee.
0:21 of 3rd period - Deflect By Anze Kopitar.
0:21 of 3rd period - Shot Blocked by Moritz Seider.
0:21 of 3rd period - Puck is out of play.
0:22 of 3rd period - Mason McTavish wins face-off versus Travis Konecny in Tampa Bay Lightning zone.
0:27 of 3rd period - Wrist shot by Mason McTavish.
0:27 of 3rd period - Shot Blocked by Moritz Seider.
0:33 of 3rd period - Wrist shot by Anze Kopitar.
0:33 of 3rd period - Deflect By Travis Konecny.
0:33 of 3rd period - Stopped by Elvis Merzlikins with a rebound.
0:39 of 3rd period - Snap shot by Travis Konecny.
0:39 of 3rd period - Shot Misses the Net.
0:49 of 3rd period - Radko Gudas is hit by Ben Chiarot.
0:55 of 3rd period - Jamie Benn is hit by Jared Spurgeon and loses puck.
1:16 of 3rd period - Slapshot by Ondrej Palat.
1:16 of 3rd period - Goal by Ondrej Palat - Arizona Coyotes : 2 - Tampa Bay Lightning : 5.
1:17 of 3rd period - Charlie Coyle wins face-off versus Anze Kopitar in neutral zone.
1:24 of 3rd period - Snap shot by Anders Lee.
1:24 of 3rd period - Shot Misses the Net.
1:26 of 3rd period - Snap shot by Radko Gudas.
1:26 of 3rd period - Stopped by Jeremy Swayman without a rebound.
1:27 of 3rd period - Anze Kopitar wins face-off versus Charlie Coyle in Tampa Bay Lightning zone.
1:34 of 3rd period - Wrist shot by Travis Konecny.
1:34 of 3rd period - Stopped by Elvis Merzlikins with a rebound.
1:54 of 3rd period - Snap shot by Charlie Coyle.
1:54 of 3rd period - Shot Misses the Net.
2:00 of 3rd period - Snap shot by Anders Lee.
2:00 of 3rd period - Shot Blocked by Darnell Nurse.
2:02 of 3rd period - Snap shot by Anders Lee.
2:02 of 3rd period - Deflect By Kiefer Sherwood.
2:02 of 3rd period - Stopped by Jeremy Swayman without a rebound.
2:03 of 3rd period - Jamie Benn wins face-off versus Tyler Bertuzzi in Tampa Bay Lightning zone.
2:03 of 3rd period - Jamie Benn is hit by Mats Zuccarello.
2:13 of 3rd period - Jamie Benn is hit by Brayden McNabb and loses puck.
2:18 of 3rd period - Snap shot by Mats Zuccarello.
2:18 of 3rd period - Stopped by Jeremy Swayman with a rebound.
3:31 of 3rd period - Minor Penalty to Anders Lee for Cross-checking.
3:32 of 3rd period - Anze Kopitar wins face-off versus Kiefer Sherwood in Arizona Coyotes zone.
3:39 of 3rd period - Slapshot by Anze Kopitar.
3:39 of 3rd period - Shot Misses the Net.
3:41 of 3rd period - Slapshot by Filip Forsberg.
3:41 of 3rd period - Shot Misses the Net.
3:43 of 3rd period - Slapshot by Michael Matheson.
3:43 of 3rd period - Shot Misses the Net.
3:45 of 3rd period - Slapshot by Moritz Seider.
3:45 of 3rd period - Stopped by Elvis Merzlikins with a rebound.
3:47 of 3rd period - Snap shot by Claude Giroux.
3:47 of 3rd period - Goal by Claude Giroux - Arizona Coyotes : 2 - Tampa Bay Lightning : 6.
3:47 of 3rd period - Tristan Jarry enters game.
3:48 of 3rd period - Jamie Benn wins face-off versus Mason McTavish in neutral zone.
4:36 of 3rd period - Snap shot by Michael Matheson.
4:36 of 3rd period - Deflect By Justin Brazeau.
4:36 of 3rd period - Stopped by Tristan Jarry with a rebound.
4:46 of 3rd period - Snap shot by Trevor Moore.
4:46 of 3rd period - Stopped by Tristan Jarry without a rebound.
4:47 of 3rd period - Tyler Bertuzzi wins face-off versus Travis Konecny in Arizona Coyotes zone.
4:54 of 3rd period - Snap shot by Mason McTavish.
4:54 of 3rd period - Shot Blocked by Travis Konecny.
4:56 of 3rd period - Snap shot by Jared Spurgeon.
4:56 of 3rd period - Stopped by Jeremy Swayman with a rebound.
4:58 of 3rd period - Snap shot by Mason McTavish.
4:58 of 3rd period - Goal by Mason McTavish - Arizona Coyotes : 3 - Tampa Bay Lightning : 6.
4:59 of 3rd period - Mason McTavish wins face-off versus Kirill Kaprizov in neutral zone.
5:25 of 3rd period - Anders Lee is hit by Jonathan Huberdeau and loses puck.
6:43 of 3rd period - Anders Lee is hit by Travis Konecny and loses puck.
7:11 of 3rd period - Snap shot by Travis Konecny.
7:11 of 3rd period - Stopped by Tristan Jarry without a rebound.
7:12 of 3rd period - Roope Hintz wins face-off versus Vladimir Tarasenko in Arizona Coyotes zone.
7:26 of 3rd period - Off-side.
7:27 of 3rd period - Jamie Benn wins face-off versus Mason McTavish in neutral zone.
7:30 of 3rd period - Brayden McNabb is hit by Michael Matheson and loses puck.
8:19 of 3rd period - Minor Penalty to Anthony DeAngelo for Tripping.
8:20 of 3rd period - Anze Kopitar wins face-off versus Kiefer Sherwood in Arizona Coyotes zone.
9:42 of 3rd period - Kiefer Sherwood is hit by Ben Chiarot and loses puck.
10:19 of 3rd period - Penalty to Anthony DeAngelo is over, Anthony DeAngelo is back on ice.
10:20 of 3rd period - Michael Matheson is hit by Johnathan Kovacevic and loses puck.
10:25 of 3rd period - Wrist shot by Mason McTavish.
10:25 of 3rd period - Stopped by Jeremy Swayman with a rebound.
10:27 of 3rd period - Snap shot by Mason McTavish.
10:27 of 3rd period - Stopped by Jeremy Swayman with a rebound.
10:29 of 3rd period - Slapshot by Nick Seeler.
10:29 of 3rd period - Stopped by Jeremy Swayman with a rebound.
10:31 of 3rd period - Slapshot by Nick Seeler.
10:31 of 3rd period - Stopped by Jeremy Swayman without a rebound.
10:32 of 3rd period - Mason McTavish wins face-off versus Justin Brazeau in Tampa Bay Lightning zone.
10:37 of 3rd period - Snap shot by Mason McTavish.
10:37 of 3rd period - Shot Misses the Net.
10:39 of 3rd period - Snap shot by Mats Zuccarello.
10:39 of 3rd period - Stopped by Jeremy Swayman without a rebound.
10:40 of 3rd period - Jason Dickinson wins face-off versus Mason McTavish in Tampa Bay Lightning zone.
10:40 of 3rd period - Jason Dickinson is hit by Mats Zuccarello.
11:00 of 3rd period - Snap shot by Mason McTavish.
11:00 of 3rd period - Shot Blocked by Justin Brazeau.
11:02 of 3rd period - Slapshot by Tyler Bertuzzi.
11:02 of 3rd period - Goal by Tyler Bertuzzi - Arizona Coyotes : 4 - Tampa Bay Lightning : 6.
11:03 of 3rd period - Mason McTavish wins face-off versus Jamie Benn in neutral zone.
11:17 of 3rd period - Off-side.
11:18 of 3rd period - Kiefer Sherwood wins face-off versus Roope Hintz in neutral zone.
11:23 of 3rd period - Snap shot by Kiefer Sherwood.
11:23 of 3rd period - Stopped by Jeremy Swayman with a rebound.
11:25 of 3rd period - Snap shot by Kiefer Sherwood.
11:25 of 3rd period - Deflect By Anders Lee.
11:25 of 3rd period - Shot Misses the Net.
11:25 of 3rd period - Puck is out of play.
11:26 of 3rd period - Dylan Cozens wins face-off versus Charlie Coyle in Tampa Bay Lightning zone.
12:37 of 3rd period - Slapshot by Hampus Lindholm.
12:37 of 3rd period - Stopped by Tristan Jarry with a rebound.
13:20 of 3rd period - Charlie Coyle is hit by Michael Matheson.
13:58 of 3rd period - Snap shot by Vladimir Tarasenko.
13:58 of 3rd period - Stopped by Jeremy Swayman with a rebound.
14:13 of 3rd period - Off-side.
14:14 of 3rd period - Erik Haula wins face-off versus Filip Forsberg in neutral zone.
14:21 of 3rd period - Wrist shot by Ondrej Palat.
14:21 of 3rd period - Shot Misses the Net.
14:23 of 3rd period - Slapshot by Brayden McNabb.
14:23 of 3rd period - Stopped by Jeremy Swayman with a rebound.
14:25 of 3rd period - Slapshot by Jared Spurgeon.
14:25 of 3rd period - Stopped by Jeremy Swayman with a rebound.
14:27 of 3rd period - Snap shot by Ondrej Palat.
14:27 of 3rd period - Stopped by Jeremy Swayman with a rebound.
14:29 of 3rd period - Slapshot by Brayden McNabb.
14:29 of 3rd period - Stopped by Jeremy Swayman without a rebound.
14:30 of 3rd period - Charlie Coyle wins face-off versus Jamie Benn in Tampa Bay Lightning zone.
15:06 of 3rd period - Slapshot by Anze Kopitar.
15:06 of 3rd period - Stopped by Tristan Jarry with a rebound.
15:40 of 3rd period - Hampus Lindholm is hit by Tyler Bertuzzi and loses puck.
15:47 of 3rd period - Snap shot by Mason McTavish.
15:47 of 3rd period - Shot Blocked by Vincent Desharnais.
15:49 of 3rd period - Slapshot by Nick Seeler.
15:49 of 3rd period - Shot Misses the Net.
15:51 of 3rd period - Snap shot by Tyler Bertuzzi.
15:51 of 3rd period - Shot Misses the Net.
16:06 of 3rd period - Filip Forsberg is hit by Kiefer Sherwood and loses puck.
16:23 of 3rd period - Snap shot by Mats Zuccarello.
16:23 of 3rd period - Shot Misses the Net.
16:31 of 3rd period - Tyler Bertuzzi is hit by Roope Hintz.
16:37 of 3rd period - Slapshot by Roope Hintz.
16:37 of 3rd period - Deflect By Dylan Cozens.
16:37 of 3rd period - Shot Misses the Net.
16:37 of 3rd period - Puck is out of play.
16:38 of 3rd period - Jamie Benn wins face-off versus Ryan Donato in Arizona Coyotes zone.
16:45 of 3rd period - Wrist shot by Claude Giroux.
16:45 of 3rd period - Stopped by Tristan Jarry with a rebound.
16:47 of 3rd period - Slapshot by Michael Matheson.
16:47 of 3rd period - Stopped by Tristan Jarry with a rebound.
16:53 of 3rd period - Snap shot by Kirill Kaprizov.
16:53 of 3rd period - Stopped by Tristan Jarry with a rebound.
16:55 of 3rd period - Slapshot by Darnell Nurse.
16:55 of 3rd period - Shot Blocked by Vladimir Tarasenko.
17:17 of 3rd period - Off-side.
17:18 of 3rd period - Jamie Benn wins face-off versus Charlie Coyle in neutral zone.
17:44 of 3rd period - Travis Konecny is hit by Vladimir Tarasenko and loses puck.
17:49 of 3rd period - Snap shot by Ryan Donato.
17:49 of 3rd period - Stopped by Jeremy Swayman with a rebound.
17:51 of 3rd period - Slapshot by Brayden McNabb.
17:51 of 3rd period - Stopped by Jeremy Swayman without a rebound.
17:52 of 3rd period - Jamie Benn wins face-off versus Ryan Donato in Tampa Bay Lightning zone.
17:59 of 3rd period - Aliaksei Protas is hit by Kirill Kaprizov and loses puck.
18:29 of 3rd period - Wrist shot by Anze Kopitar.
18:29 of 3rd period - Stopped by Tristan Jarry with a rebound.
18:57 of 3rd period - Minor Penalty to Charlie Coyle for Tripping.
18:58 of 3rd period - Kiefer Sherwood wins face-off versus Anze Kopitar in Arizona Coyotes zone.
19:15 of 3rd period - Slapshot by Vladimir Tarasenko.
19:15 of 3rd period - Stopped by Jeremy Swayman with a rebound.
Goals for this period are 3 for Arizona Coyotes vs 1 for Tampa Bay Lightning.
Shots for this period are 21 for Arizona Coyotes vs 13 for Tampa Bay Lightning.
Back to the Top